[Event "CZE-ch U16 Girls 2023"]
[Site "Teplice"]
[Date "2023.03.11"]
[Round "1.1"]
[White "Zelbova, Lada"]
[Black "Archlebova, Stela"]
[Result "1-0"]
[ECO "C64"]
[WhiteElo "1822"]
[BlackElo "1360"]
[Annotator "NA RC COMBH"]
[PlyCount "53"]
[EventDate "2023.03.09"]
[EventType "swiss"]
[EventCountry "CZE"]
[SourceTitle "playchess.com"]
[Source "ChessBase"]
[SourceQuality "1"]
[TimeControl "40/5400+30:1800+30"]

1. e4 e5 2. Nf3 Nc6 3. Bb5 Bc5 4. O-O Qe7 5. c3 Nf6 6. d4 exd4 7. cxd4 Bb6 8. e5 Nd5 9. Bc4 Ndb4 10. d5 Na5 11. Be2 d6 12. Qa4+ Nbc6 13. dxc6 Nxc6 14. Bb5 Bd7 15. exd6 Qxd6 16. Bf4 Qc5 17. Be3 Qf5 18. Bxb6 cxb6 19. Re1+ Kf8 20. Nc3 Qg6 21. Nd5 Rd8 22. Qa3+ Kg8 23. Bxc6 Qc2 24. Ne7+ Kf8 25. Ng6+ Kg8 26. Qf8+ Rxf8 27. Ne7# 1-0

[Event "CZE-ch U16 Girls 2023"]
[Site "Teplice"]
[Date "2023.03.11"]
[Round "1.2"]
[White "Vacekova, Anita"]
[Black "Sikorova, Jana"]
[Result "1-0"]
[ECO "B42"]
[WhiteElo "1350"]
[BlackElo "1735"]
[Annotator "NA RC COMBH"]
[PlyCount "49"]
[EventDate "2023.03.09"]
[EventType "swiss"]
[EventCountry "CZE"]
[SourceTitle "playchess.com"]
[Source "ChessBase"]
[SourceQuality "1"]
[TimeControl "40/5400+30:1800+30"]

1. e4 c5 2. Nf3 e6 3. d4 cxd4 4. Nxd4 a6 5. Bd3 b5 6. O-O Qb6 7. Nb3 Qc7 8. Be3 Bb7 9. N1d2 Nf6 10. Qe2 d6 11. a4 b4 12. f3 Nbd7 13. a5 Ne5 14. Rfc1 Be7 15. c3 Nxd3 16. Qxd3 bxc3 17. Rxc3 Qd7 18. Rac1 Bd8 19. Nc4 d5 20. Nb6 Bxb6 21. axb6 Qa4 22. Nc5 dxe4 23. Qd6 Qc6 24. Nxb7 Qxb7 25. Rc7 1-0

[Event "CZE-ch U16 Girls 2023"]
[Site "Teplice"]
[Date "2023.03.11"]
[Round "1.3"]
[White "Havelkova, Beata"]
[Black "Dominikova, Denisa"]
[Result "1-0"]
[ECO "C96"]
[WhiteElo "1670"]
[BlackElo "1301"]
[Annotator "NA RC COMBH"]
[PlyCount "61"]
[EventDate "2023.03.09"]
[EventType "swiss"]
[EventCountry "CZE"]
[SourceTitle "playchess.com"]
[Source "ChessBase"]
[SourceQuality "1"]
[TimeControl "40/5400+30:1800+30"]

1. e4 e5 2. Nf3 Nc6 3. Bb5 a6 4. Ba4 Nf6 5. O-O Be7 6. Re1 b5 7. Bb3 d6 8. c3 O-O 9. h3 Na5 10. Bc2 c5 11. d3 Bd7 12. Nbd2 Qc7 13. Nf1 Nc6 14. Ne3 h6 15. Nh2 Rfe8 16. Nf5 Bxf5 17. exf5 a5 18. Ng4 Rac8 19. a4 b4 20. Re3 Nd5 21. Rg3 Bh4 22. Nxh6+ Kh7 23. Rg4 Bf6 24. Bb3 Nxc3 25. bxc3 gxh6 26. Qd2 Bg5 27. Rxg5 hxg5 28. Qxg5 Qe7 29. f6 Qf8 30. Qh5+ Kg8 31. Bh6 1-0

[Event "CZE-ch U16 Girls 2023"]
[Site "Teplice"]
[Date "2023.03.11"]
[Round "1.4"]
[White "Cinkova, Vicky"]
[Black "Hetfleischova, Elen"]
[Result "1-0"]
[ECO "B34"]
[WhiteElo "1285"]
[BlackElo "1623"]
[Annotator "NA RC COMBH"]
[PlyCount "97"]
[EventDate "2023.03.09"]
[EventType "swiss"]
[EventCountry "CZE"]
[SourceTitle "playchess.com"]
[Source "ChessBase"]
[SourceQuality "1"]
[TimeControl "40/5400+30:1800+30"]

1. e4 c5 2. Nf3 Nc6 3. d4 cxd4 4. Nxd4 g6 5. Nc3 Bg7 6. Be3 Nf6 7. Be2 O-O 8. Nb3 a6 9. O-O b5 10. a3 d6 11. f4 Qc7 12. Bf3 Bb7 13. Nd5 Nxd5 14. exd5 Na5 15. Nxa5 Qxa5 16. c3 Rad8 17. Kh1 Qc7 18. Re1 Bc8 19. Re2 e5 20. dxe6 fxe6 21. Qb3 Kh8 22. a4 Qc4 23. Qxc4 bxc4 24. Bb6 Rde8 25. Bc6 Re7 26. Rd1 Rxf4 27. Rxd6 Rf1+ 28. Bg1 Bf8 29. Rd8 Rc7 30. Rf2 Rxf2 31. Bxf2 Kg7 32. Bf3 Be7 33. Bd4+ Kh6 34. Rh8 Bb7 35. Bxb7 Rxb7 36. Ra8 Rxb2 37. g3 Kg5 38. Rxa6 Re2 39. Ra7 Ba3 40. Rxh7 Kg4 41. Rh4+ Kg5 42. a5 e5 43. Bg1 e4 44. a6 Re1 45. Kg2 e3 46. a7 e2 47. Kf2 Ra1 48. Kxe2 Bb2 49. Rxc4 1-0

[Event "CZE-ch U16 Girls 2023"]
[Site "Teplice"]
[Date "2023.03.11"]
[Round "1.5"]
[White "Seda, Michaela"]
[Black "Stavova, Marketa"]
[Result "1-0"]
[ECO "C60"]
[WhiteElo "1610"]
[BlackElo "1284"]
[Annotator "NA RC COMBH"]
[PlyCount "63"]
[EventDate "2023.03.09"]
[EventType "swiss"]
[EventCountry "CZE"]
[SourceTitle "playchess.com"]
[Source "ChessBase"]
[SourceQuality "1"]
[TimeControl "40/5400+30:1800+30"]

1. e4 e5 2. Nf3 Nc6 3. Bb5 Nge7 4. O-O a6 5. Ba4 g6 6. Nc3 Bg7 7. d3 O-O 8. Bg5 f6 9. Bb3+ Kh8 10. Be3 d6 11. Qd2 Bg4 12. Bh6 Qd7 13. Bxg7+ Kxg7 14. Ne1 Nd4 15. f3 Nxb3 16. axb3 Be6 17. d4 exd4 18. Qxd4 Nc6 19. Qf2 Ne5 20. f4 Ng4 21. Qg3 f5 22. h3 Nf6 23. e5 dxe5 24. fxe5 Nd5 25. Rd1 Qc6 26. Nxd5 Bxd5 27. Qc3 Qxc3 28. bxc3 Rad8 29. Nd3 Rfe8 30. Rfe1 Be4 31. Nc5 Bxc2 32. Rxd8 1-0

[Event "CZE-ch U16 Girls 2023"]
[Site "Teplice"]
[Date "2023.03.11"]
[Round "1.6"]
[White "Mullerova, Karina Nela"]
[Black "Janouskova, Adela"]
[Result "0-1"]
[ECO "A80"]
[WhiteElo "1283"]
[BlackElo "1558"]
[Annotator "NA RC COMBH"]
[PlyCount "132"]
[EventDate "2023.03.09"]
[EventType "swiss"]
[EventCountry "CZE"]
[SourceTitle "playchess.com"]
[Source "ChessBase"]
[SourceQuality "1"]
[TimeControl "40/5400+30:1800+30"]

1. d4 f5 2. Bf4 Nf6 3. e3 e6 4. c3 Be7 5. Nf3 O-O 6. Bd3 d6 7. h4 Qe8 8. Nbd2 h6 9. Qe2 Nbd7 10. Bc4 Bd8 11. Nh2 Nb6 12. Bb3 Nbd5 13. Qf3 Nxf4 14. exf4 Rb8 15. O-O b6 16. Rfe1 d5 17. Bc2 Ne4 18. Nxe4 fxe4 19. Qg3 Qh5 20. Bd1 Qxh4 21. Qxh4 Bxh4 22. g3 Be7 23. Be2 c5 24. f3 cxd4 25. cxd4 Bf6 26. Rad1 exf3 27. Bxf3 g5 28. f5 exf5 29. Bxd5+ Kg7 30. Be6 Bxe6 31. Rxe6 Rfd8 32. Nf3 Rd5 33. Ne5 Rbd8 34. Nc6 R8d7 35. Kg2 Bxd4 36. Re7+ Rxe7 37. Nxe7 Re5 38. Nxf5+ Rxf5 39. Rxd4 Rf7 40. g4 Kf6 41. Rd6+ Kg7 42. Rd4 a5 43. a4 Rf6 44. b4 axb4 45. Rxb4 Kg6 46. Kg3 h5 47. gxh5+ Kxh5 48. Rd4 Rc6 49. Rb4 Rc3+ 50. Kg2 Rc2+ 51. Kg3 Rc6 52. Rd4 Rc3+ 53. Kg2 Rb3 54. Rd5 Kh4 55. a5 bxa5 56. Rxa5 g4 57. Rf5 Rb2+ 58. Kh1 Kg3 59. Rf1 Kh3 60. Re1 g3 61. Kg1 Kg4 62. Rf1 Rc2 63. Re1 Kf3 64. Rf1+ Rf2 65. Rxf2+ gxf2+ 66. Kf1 Ke3 0-1

[Event "CZE-ch U16 Girls 2023"]
[Site "Teplice"]
[Date "2023.03.11"]
[Round "1.7"]
[White "Dudkova, Josefina"]
[Black "Sterikova, Marketa"]
[Result "1-0"]
[ECO "C28"]
[WhiteElo "1519"]
[BlackElo "1254"]
[Annotator "NA RC COMBH"]
[PlyCount "91"]
[EventDate "2023.03.09"]
[EventType "swiss"]
[EventCountry "CZE"]
[SourceTitle "playchess.com"]
[Source "ChessBase"]
[SourceQuality "1"]
[TimeControl "40/5400+30:1800+30"]

1. e4 e5 2. Nc3 Nc6 3. Bc4 Nf6 4. d3 Bc5 5. Bg5 h6 6. Bh4 Be7 7. Nge2 d6 8. h3 Bd7 9. O-O Qc8 10. Kh2 Ng4+ 11. hxg4 Bxh4 12. g3 Bf6 13. f3 h5 14. g5 Bxg5 15. f4 exf4 16. gxf4 Be7 17. a3 g6 18. Qe1 Qd8 19. f5 Bh4 20. Qd2 g5 21. Nd5 Ne5 22. Qc3 c6 23. Ne3 f6 24. Ng2 Qe7 25. Nxh4 gxh4 26. Nf4 Rh7 27. Ng6 Qg7 28. Nxh4 Qg4 29. Qe1 O-O-O 30. Rg1 Qf4+ 31. Qg3 Ng4+ 32. Kh3 Nf2+ 33. Kh2 Ng4+ 34. Kh3 Nf2+ 35. Kg2 Qxg3+ 36. Kxg3 Ng4 37. Ng6 Be8 38. Nf4 Bd7 39. Nxh5 Rxh5 40. Kxg4 Rdh8 41. Kf3 Rh2 42. Bb3 Be8 43. Rg3 Bh5+ 44. Ke3 Re2+ 45. Kd4 Rh7 46. Rh1 1-0

[Event "CZE-ch U16 Girls 2023"]
[Site "Teplice"]
[Date "2023.03.11"]
[Round "1.8"]
[White "Hrbkova, Johana"]
[Black "Vavrinkova, Marie"]
[Result "0-1"]
[ECO "B07"]
[WhiteElo "1254"]
[BlackElo "1457"]
[Annotator "NA RC COMBH"]
[PlyCount "82"]
[EventDate "2023.03.09"]
[EventType "swiss"]
[EventCountry "CZE"]
[SourceTitle "playchess.com"]
[Source "ChessBase"]
[SourceQuality "1"]
[TimeControl "40/5400+30:1800+30"]

1. e4 d6 2. d4 Nf6 3. Nc3 g6 4. Bd3 Bg7 5. Nge2 e5 6. f4 exd4 7. Nxd4 c6 8. Nf3 Qb6 9. Bc4 Qc5 10. Qd3 Ng4 11. Rf1 b5 12. Bb3 a5 13. a4 b4 14. Nd1 Ba6 15. Qd2 Bxf1 16. Kxf1 O-O 17. Qd3 Qb6 18. h3 Nf6 19. Be3 Qc7 20. c4 c5 21. Nf2 Nc6 22. Re1 Rfe8 23. Nd2 Nh5 24. g4 Nf6 25. Qe2 Nd7 26. Nd3 Nf8 27. Nf3 Rxe4 28. Qf2 Rae8 29. Bd1 R4e7 30. Nd2 Nd4 31. Nb3 Nxb3 32. Bxb3 Ne6 33. f5 Nd4 34. f6 Bxf6 35. Qxf6 Rxe3 36. Rxe3 Rxe3 37. Bd1 Rxd3 38. Ke1 Re3+ 39. Kd2 Qe7 40. Qf2 Rxh3 41. Qg2 Qe3# 0-1

[Event "CZE-ch U16 Girls 2023"]
[Site "Teplice"]
[Date "2023.03.11"]
[Round "1.9"]
[White "Dobsa, Emma"]
[Black "Macova, Marketa"]
[Result "1-0"]
[ECO "C42"]
[WhiteElo "1449"]
[BlackElo "1195"]
[Annotator "NA RC COMBH"]
[PlyCount "105"]
[EventDate "2023.03.09"]
[EventType "swiss"]
[EventCountry "CZE"]
[SourceTitle "playchess.com"]
[Source "ChessBase"]
[SourceQuality "1"]
[TimeControl "40/5400+30:1800+30"]

1. e4 e5 2. Nf3 Nf6 3. Nxe5 d6 4. Nf3 Nxe4 5. Nc3 Nf6 6. d4 d5 7. Bd3 Bb4 8. O-O O-O 9. Bg5 c6 10. Ne2 Bg4 11. Ng3 Qd6 12. h3 Bxf3 13. Qxf3 Nbd7 14. c3 Ba5 15. Rfe1 Bc7 16. Kf1 Rfe8 17. Nf5 Qh2 18. Ng3 h5 19. Rxe8+ Rxe8 20. Re1 Rxe1+ 21. Kxe1 Bxg3 22. fxg3 Qg1+ 23. Qf1 Qxf1+ 24. Kxf1 Kf8 25. Kf2 Ne4+ 26. Bxe4 dxe4 27. Ke3 f5 28. g4 hxg4 29. hxg4 g6 30. gxf5 gxf5 31. Kf4 e3 32. Kxf5 e2 33. Bh4 Kf7 34. Kf4 Ke6 35. Ke3 Kf5 36. Kxe2 Ke4 37. Be7 Nb6 38. Bc5 Nc4 39. b3 Ne3 40. g3 a6 41. c4 Nf5 42. g4 Ng3+ 43. Kf2 Kf4 44. Bd6+ Kxg4 45. Bxg3 Kf5 46. d5 cxd5 47. cxd5 Kf6 48. Ke3 Ke7 49. Kd4 Kd7 50. Kc5 Kd8 51. d6 Kd7 52. Kb6 Kc8 53. b4 1-0

[Event "CZE-ch U16 Girls 2023"]
[Site "Teplice"]
[Date "2023.03.11"]
[Round "1.10"]
[White "Souralova, Jana"]
[Black "Barteckova, Denisa"]
[Result "1/2-1/2"]
[ECO "C10"]
[WhiteElo "1187"]
[BlackElo "1417"]
[Annotator "NA RC COMBH"]
[PlyCount "67"]
[EventDate "2023.03.09"]
[EventType "swiss"]
[EventCountry "CZE"]
[SourceTitle "playchess.com"]
[Source "ChessBase"]
[SourceQuality "1"]
[TimeControl "40/5400+30:1800+30"]

1. e4 e6 2. d4 d5 3. Nc3 c6 4. Nf3 Nd7 5. Bd3 h6 6. Bf4 Ngf6 7. O-O dxe4 8. Nxe4 Nxe4 9. Bxe4 Nf6 10. Re1 Bd6 11. Bxd6 Qxd6 12. Ne5 c5 13. Nf3 O-O 14. dxc5 Qxc5 15. Qd4 Qxd4 16. Nxd4 Rd8 17. Nb5 Rd7 18. Bf3 a6 19. Nc3 Rc7 20. Rad1 Bd7 21. Rd2 Kf8 22. Red1 Ke7 23. Rd4 Bc6 24. Bxc6 Rxc6 25. f3 Rac8 26. R1d2 R8c7 27. Kf1 b5 28. Ke1 Rd7 29. Kd1 Rcd6 30. Rxd6 Rxd6 31. Rxd6 Kxd6 32. Kd2 Kc5 33. Kd3 Nd7 34. Ke4 1/2-1/2

[Event "CZE-ch U16 Girls 2023"]
[Site "Teplice"]
[Date "2023.03.11"]
[Round "1.11"]
[White "Reznickova, Sibyla"]
[Black "Andilova, Klara"]
[Result "1/2-1/2"]
[ECO "E61"]
[WhiteElo "1386"]
[BlackElo "1104"]
[Annotator "NA RC COMBH"]
[PlyCount "62"]
[EventDate "2023.03.09"]
[EventType "swiss"]
[EventCountry "CZE"]
[SourceTitle "playchess.com"]
[Source "ChessBase"]
[SourceQuality "1"]
[TimeControl "40/5400+30:1800+30"]

1. d4 Nf6 2. c4 g6 3. Nc3 Bg7 4. Bf4 O-O 5. Nf3 d6 6. e4 Nbd7 7. Bd3 Ne8 8. d5 c5 9. O-O a6 10. Re1 e5 11. Bg5 Nef6 12. Qd2 Bh8 13. h4 Qc7 14. Bh6 Re8 15. Qg5 Nb6 16. Nh2 Nh5 17. Qe3 Bf6 18. Be2 Ng7 19. Qg3 Qd8 20. Nf3 Be7 21. Ng5 Nd7 22. h5 Nf6 23. hxg6 fxg6 24. Bxg7 Kxg7 25. f4 exf4 26. Qxf4 Rf8 27. Qh2 Nh5 28. Ne6+ Bxe6 29. dxe6 Nf4 30. Bg4 Bf6 31. Rf1 Be5 1/2-1/2

[Event "CZE-ch U16 Girls 2023"]
[Site "Teplice"]
[Date "2023.03.11"]
[Round "1.12"]
[White "Foldynova, Julie"]
[Black "Kavanova, Anezka"]
[Result "0-1"]
[ECO "B23"]
[WhiteElo "1100"]
[BlackElo "1384"]
[Annotator "NA RC COMBH"]
[PlyCount "56"]
[EventDate "2023.03.09"]
[EventType "swiss"]
[EventCountry "CZE"]
[SourceTitle "playchess.com"]
[Source "ChessBase"]
[SourceQuality "1"]
[TimeControl "40/5400+30:1800+30"]

1. e4 c5 2. Nc3 e6 3. Nf3 Nc6 4. Be2 d5 5. exd5 exd5 6. d4 c4 7. O-O Nf6 8. Re1 Be7 9. Bf4 O-O 10. a3 a6 11. b3 b5 12. b4 Bb7 13. Qd2 Qb6 14. Be5 Nxe5 15. Nxe5 Rad8 16. Rad1 Nd7 17. Ng4 Nf6 18. Bf3 Rfe8 19. Qg5 Ne4 20. Qe3 Bg5 21. Qe2 f5 22. Bxe4 dxe4 23. Ne3 f4 24. Nf1 Rxd4 25. Nd2 e3 26. Nf3 exf2+ 27. Qxf2 Rxe1+ 28. Qxe1 Rxd1+ 0-1

[Event "CZE-ch U16 Girls 2023"]
[Site "Teplice"]
[Date "2023.03.12"]
[Round "2.1"]
[White "Vavrinkova, Marie"]
[Black "Zelbova, Lada"]
[Result "0-1"]
[ECO "D31"]
[WhiteElo "1457"]
[BlackElo "1822"]
[Annotator "NA RC COMBH"]
[PlyCount "88"]
[EventDate "2023.03.09"]
[EventType "swiss"]
[EventCountry "CZE"]
[SourceTitle "playchess.com"]
[Source "ChessBase"]
[SourceQuality "1"]
[TimeControl "40/5400+30:1800+30"]

1. d4 d5 2. Nf3 e6 3. c4 c6 4. Nc3 dxc4 5. e4 b5 6. a4 Bb4 7. axb5 cxb5 8. Bd2 Bxc3 9. Bxc3 a5 10. Be2 Nf6 11. Nd2 Bb7 12. Nf3 Nxe4 13. O-O O-O 14. Qc2 Nd7 15. Rfd1 Ndf6 16. Be1 Nd6 17. Ne5 Be4 18. Qd2 a4 19. f3 Bb7 20. Qb4 Rc8 21. Bh4 Nd5 22. Bxd8 Nxb4 23. Be7 Rfd8 24. Rdc1 f6 25. Bxd8 Rxd8 26. Ng4 Nd5 27. Re1 Nf5 28. Rad1 Bc6 29. Bf1 Kf7 30. Re2 a3 31. Ra1 Nxd4 32. Rf2 h5 33. Rxa3 hxg4 34. fxg4 e5 35. g3 e4 36. Bg2 Re8 37. Rd2 Nb3 38. Re2 e3 39. Ra6 Nd4 40. Rxc6 Nxe2+ 41. Kf1 Nef4 42. gxf4 e2+ 43. Ke1 Nxf4 44. Rc7+ Kf8 0-1

[Event "CZE-ch U16 Girls 2023"]
[Site "Teplice"]
[Date "2023.03.12"]
[Round "2.2"]
[White "Dobsa, Emma"]
[Black "Havelkova, Beata"]
[Result "0-1"]
[ECO "B40"]
[WhiteElo "1449"]
[BlackElo "1670"]
[Annotator "NA RC COMBH"]
[PlyCount "78"]
[EventDate "2023.03.09"]
[EventType "swiss"]
[EventCountry "CZE"]
[SourceTitle "playchess.com"]
[Source "ChessBase"]
[SourceQuality "1"]
[TimeControl "40/5400+30:1800+30"]

1. e4 c5 2. Nf3 e6 3. c4 Qc7 4. d4 cxd4 5. Qxd4 Nc6 6. Qe3 Nf6 7. Nc3 a6 8. a3 b6 9. Bd3 Bd6 10. h3 O-O 11. O-O Re8 12. Re1 Bc5 13. Qg5 h6 14. Qf4 Qxf4 15. Bxf4 e5 16. Bh2 Rb8 17. Rac1 Bb7 18. Nd5 d6 19. b4 Bd4 20. b5 Na5 21. bxa6 Bxd5 22. cxd5 Bb2 23. Rb1 Bxa3 24. Nd2 Rec8 25. Bb5 Rc2 26. Nb3 Nxb3 27. Rxb3 Bc5 28. Bg3 Ra2 29. Rbb1 Bd4 30. Rec1 Nxe4 31. Kh2 Nd2 32. Rb4 Bc5 33. Ra4 Rxa4 34. Bxa4 b5 35. Bc2 b4 36. Rd1 Nc4 37. Bd3 Nb2 38. Rd2 Nxd3 39. Rxd3 Ra8 0-1

[Event "CZE-ch U16 Girls 2023"]
[Site "Teplice"]
[Date "2023.03.12"]
[Round "2.3"]
[White "Kavanova, Anezka"]
[Black "Seda, Michaela"]
[Result "1-0"]
[ECO "C11"]
[WhiteElo "1384"]
[BlackElo "1610"]
[Annotator "NA RC COMBH"]
[PlyCount "97"]
[EventDate "2023.03.09"]
[EventType "swiss"]
[EventCountry "CZE"]
[SourceTitle "playchess.com"]
[Source "ChessBase"]
[SourceQuality "1"]
[TimeControl "40/5400+30:1800+30"]

1. e4 e6 2. d4 d5 3. Nc3 Nf6 4. e5 Nfd7 5. Nf3 c5 6. Be3 Nc6 7. Nb5 a6 8. Nd6+ Bxd6 9. exd6 cxd4 10. Nxd4 Nf6 11. Bf4 Ne4 12. Nxc6 bxc6 13. Be5 f6 14. Bd4 Nxd6 15. Qg4 O-O 16. Bc5 Re8 17. O-O-O e5 18. Qh5 Ne4 19. Bb6 Qe7 20. Bd3 g6 21. Qh6 Nd6 22. Bc5 Rd8 23. h4 e4 24. Rhe1 Qc7 25. Bxd6 Rxd6 26. f3 Bf5 27. fxe4 dxe4 28. Bxe4 Rxd1+ 29. Kxd1 Qd7+ 30. Kc1 Qe6 31. Bd5 Qxd5 32. Re7 Qf7 33. Rxf7 Kxf7 34. Qxh7+ Ke6 35. Qb7 Rd8 36. Qxc6+ Rd6 37. Qc4+ Ke5 38. g4 Be4 39. Qc5+ Ke6 40. Qe3 Ke5 41. Qg3+ Ke6 42. h5 Rc6 43. Qb3+ Ke5 44. Qg3+ Ke6 45. c3 g5 46. h6 Rd6 47. Qe3 Ke5 48. h7 Rd8 49. Qd4+ 1-0

[Event "CZE-ch U16 Girls 2023"]
[Site "Teplice"]
[Date "2023.03.12"]
[Round "2.4"]
[White "Janouskova, Adela"]
[Black "Vacekova, Anita"]
[Result "1/2-1/2"]
[ECO "C44"]
[WhiteElo "1558"]
[BlackElo "1350"]
[Annotator "NA RC COMBH"]
[PlyCount "117"]
[EventDate "2023.03.09"]
[EventType "swiss"]
[EventCountry "CZE"]
[SourceTitle "playchess.com"]
[Source "ChessBase"]
[SourceQuality "1"]
[TimeControl "40/5400+30:1800+30"]

1. e4 e5 2. Nf3 Nc6 3. d4 exd4 4. c3 d5 5. exd5 Qxd5 6. cxd4 Bg4 7. Be2 Bb4+ 8. Nc3 Bxf3 9. Bxf3 Qc4 10. Bxc6+ Qxc6 11. O-O Ne7 12. Qb3 Bxc3 13. bxc3 O-O 14. Rb1 Nd5 15. c4 Nb6 16. c5 Nd5 17. Qxb7 Qxb7 18. Rxb7 Rfb8 19. Rxb8+ Rxb8 20. h3 Rb4 21. Be3 Ra4 22. Rb1 f5 23. Rb8+ Kf7 24. Rd8 c6 25. Rc8 f4 26. Bd2 Rxa2 27. Be1 Ne7 28. Rc7 Ra1 29. Kf1 a5 30. Ke2 g5 31. Ra7 a4 32. d5 cxd5 33. c6 Ke6 34. c7 Nc8 35. Ra6+ Kd7 36. Rh6 Kxc7 37. Rxh7+ Kc6 38. Rh6+ Kc5 39. Ra6 a3 40. Ra5+ Kc4 41. Ra4+ Kb3 42. Rb4+ Kc2 43. Rb7 Nd6 44. Rd7 Rxe1+ 45. Kxe1 a2 46. Ra7 Kb2 47. Kd2 a1=Q 48. Rxa1 Kxa1 49. Kc3 Nf5 50. g4 fxg3 51. fxg3 Nxg3 52. Kd4 Kb2 53. Kxd5 Kc3 54. Ke5 Kd3 55. Kf6 Ne4+ 56. Kf5 Kd4 57. Kg4 Ke5 58. h4 gxh4 59. Kxh4 1/2-1/2

[Event "CZE-ch U16 Girls 2023"]
[Site "Teplice"]
[Date "2023.03.12"]
[Round "2.6"]
[White "Barteckova, Denisa"]
[Black "Cinkova, Vicky"]
[Result "1/2-1/2"]
[ECO "B28"]
[WhiteElo "1417"]
[BlackElo "1285"]
[Annotator "NA RC COMBH"]
[PlyCount "59"]
[EventDate "2023.03.09"]
[EventType "swiss"]
[EventCountry "CZE"]
[SourceTitle "playchess.com"]
[Source "ChessBase"]
[SourceQuality "1"]
[TimeControl "40/5400+30:1800+30"]

1. e4 c5 2. Nf3 a6 3. d4 cxd4 4. Nxd4 Nf6 5. Nc3 e5 6. Nb3 Bb4 7. Qf3 O-O 8. Bd2 Nc6 9. a3 Nd4 10. Qd3 Bxc3 11. Bxc3 Nxb3 12. cxb3 d5 13. exd5 Qxd5 14. Qxd5 Nxd5 15. O-O-O Nxc3 16. bxc3 Be6 17. Kb2 g6 18. f3 Rac8 19. Bd3 Rc7 20. Rd2 Rfc8 21. Rc1 Rd7 22. Rcd1 Rcd8 23. Kc2 b5 24. b4 Kg7 25. Kc1 Rc8 26. Kb2 Rcd8 27. Kc1 Rc8 28. Kb2 Rcd8 29. Kc1 Rc8 30. Kb2 1/2-1/2

[Event "CZE-ch U16 Girls 2023"]
[Site "Teplice"]
[Date "2023.03.12"]
[Round "2.7"]
[White "Andilova, Klara"]
[Black "Souralova, Jana"]
[Result "1/2-1/2"]
[ECO "C88"]
[WhiteElo "1104"]
[BlackElo "1187"]
[Annotator "NA RC COMBH"]
[PlyCount "61"]
[EventDate "2023.03.09"]
[EventType "swiss"]
[EventCountry "CZE"]
[SourceTitle "playchess.com"]
[Source "ChessBase"]
[SourceQuality "1"]
[TimeControl "40/5400+30:1800+30"]

1. e4 e5 2. Nf3 Nc6 3. Bb5 a6 4. Ba4 Nf6 5. O-O Be7 6. Re1 b5 7. Bb3 O-O 8. a4 Bb7 9. c3 d5 10. d3 dxe4 11. dxe4 Qxd1 12. Bxd1 Rad8 13. Nbd2 Na7 14. Bc2 Bd6 15. Nf1 Rfe8 16. Bg5 Be7 17. Nxe5 h6 18. Bh4 Nh7 19. Nf3 Bxh4 20. Nxh4 Ng5 21. f3 g6 22. Bb3 Nc8 23. Nxg6 Kg7 24. Nf4 Nd6 25. Nd2 c5 26. axb5 axb5 27. Bc2 Ne6 28. Nd3 c4 29. Ne5 Nf4 30. Ng4 Re6 31. g3 1/2-1/2

[Event "CZE-ch U16 Girls 2023"]
[Site "Teplice"]
[Date "2023.03.12"]
[Round "2.8"]
[White "Sikorova, Jana"]
[Black "Reznickova, Sibyla"]
[Result "1-0"]
[ECO "D15"]
[WhiteElo "1735"]
[BlackElo "1386"]
[Annotator "NA RC COMBH"]
[PlyCount "79"]
[EventDate "2023.03.09"]
[EventType "swiss"]
[EventCountry "CZE"]
[SourceTitle "playchess.com"]
[Source "ChessBase"]
[SourceQuality "1"]
[TimeControl "40/5400+30:1800+30"]

1. d4 d5 2. c4 c6 3. Nc3 Nf6 4. Nf3 Bf5 5. Qb3 Qb6 6. c5 Qxb3 7. axb3 Nbd7 8. b4 e6 9. b5 Ne4 10. Nxe4 Bxe4 11. bxc6 bxc6 12. Bf4 f6 13. Bc7 Be7 14. e3 Nb8 15. Bb6 O-O 16. Kd2 Nd7 17. Ba5 Rab8 18. b4 f5 19. Kc3 g5 20. Nd2 f4 21. Nxe4 dxe4 22. exf4 gxf4 23. Bc4 Rf6 24. Rhe1 e3 25. fxe3 fxe3 26. Rxe3 Kf7 27. Bc7 Rb7 28. Bg3 Nf8 29. Ra6 Rg6 30. Rxc6 Bf6 31. Rf3 Ke7 32. Ba6 Rd7 33. Bd6+ Kf7 34. Rc8 Rxd6 35. cxd6 Nd7 36. Rc7 Ke8 37. Bb5 e5 38. Bxd7+ Kd8 39. Bf5 exd4+ 40. Kd3 1-0

[Event "CZE-ch U16 Girls 2023"]
[Site "Teplice"]
[Date "2023.03.12"]
[Round "2.9"]
[White "Hetfleischova, Elen"]
[Black "Mullerova, Karina Nela"]
[Result "1/2-1/2"]
[ECO "C34"]
[WhiteElo "1623"]
[BlackElo "1283"]
[Annotator "NA RC COMBH"]
[PlyCount "73"]
[EventDate "2023.03.09"]
[EventType "swiss"]
[EventCountry "CZE"]
[SourceTitle "playchess.com"]
[Source "ChessBase"]
[SourceQuality "1"]
[TimeControl "40/5400+30:1800+30"]

1. e4 e5 2. f4 exf4 3. Nf3 h6 4. Bc4 d6 5. O-O Nc6 6. d4 g5 7. Nc3 Bg4 8. Nd5 Bg7 9. c3 Qd7 10. Bb5 a6 11. Ba4 b5 12. Bb3 Nge7 13. a4 O-O 14. axb5 axb5 15. Rxa8 Rxa8 16. h3 Bh5 17. Qe2 Rb8 18. Qf2 b4 19. Ba4 Qd8 20. Nxe7+ Nxe7 21. Rd1 Qf8 22. Re1 bxc3 23. bxc3 Ra8 24. Bb3 Bxf3 25. Qxf3 c6 26. Qh5 Ng6 27. Qxg6 Rb8 28. Bxf7+ Qxf7 29. Qxd6 Rc8 30. Qb4 c5 31. Qa4 cxd4 32. cxd4 Rc4 33. Qa8+ Kh7 34. Bb2 Bxd4+ 35. Bxd4 Rxd4 36. e5 Qe6 37. Qb7+ 1/2-1/2

[Event "CZE-ch U16 Girls 2023"]
[Site "Teplice"]
[Date "2023.03.12"]
[Round "2.10"]
[White "Archlebova, Stela"]
[Black "Sterikova, Marketa"]
[Result "1-0"]
[ECO "C23"]
[WhiteElo "1360"]
[BlackElo "1254"]
[Annotator "NA RC COMBH"]
[PlyCount "57"]
[EventDate "2023.03.09"]
[EventType "swiss"]
[EventCountry "CZE"]
[SourceTitle "playchess.com"]
[Source "ChessBase"]
[SourceQuality "1"]
[TimeControl "40/5400+30:1800+30"]

1. e4 e5 2. Bc4 Bc5 3. Nf3 d6 4. Nc3 Nf6 5. d3 O-O 6. Bg5 Be6 7. Bb3 Nc6 8. Qd2 Na5 9. Bxe6 fxe6 10. Na4 Bb6 11. Nxb6 axb6 12. O-O Qd7 13. h3 Nc6 14. Rfe1 Qf7 15. c3 h6 16. Bh4 Qg6 17. Bg3 Nh5 18. Nh4 Qf6 19. Nf3 Nxg3 20. fxg3 Qe7 21. a3 Rad8 22. d4 exd4 23. cxd4 d5 24. exd5 Rxd5 25. Rad1 Rfd8 26. Re4 Qd6 27. Qe3 Qxg3 28. Rxe6 Rh5 29. Re8+ 1-0

[Event "CZE-ch U16 Girls 2023"]
[Site "Teplice"]
[Date "2023.03.12"]
[Round "2.11"]
[White "Dominikova, Denisa"]
[Black "Hrbkova, Johana"]
[Result "1-0"]
[ECO "C42"]
[WhiteElo "1301"]
[BlackElo "1254"]
[Annotator "NA RC COMBH"]
[PlyCount "107"]
[EventDate "2023.03.09"]
[EventType "swiss"]
[EventCountry "CZE"]
[SourceTitle "playchess.com"]
[Source "ChessBase"]
[SourceQuality "1"]
[TimeControl "40/5400+30:1800+30"]

1. e4 e5 2. Nf3 Nf6 3. Nxe5 d6 4. Nf3 Nxe4 5. Nc3 d5 6. Qe2 Be6 7. Nxe4 dxe4 8. Qxe4 Nc6 9. Bb5 Qd6 10. Nd4 Qd5 11. d3 O-O-O 12. Nxc6 bxc6 13. Bxc6 Qa5+ 14. Bd2 Qb6 15. Bc3 Bc5 16. O-O Rd6 17. Ba4 Bd5 18. Qg4+ Kb7 19. g3 h5 20. Qxg7 Rhh6 21. Bb3 Bxb3 22. axb3 h4 23. Qe5 Rhe6 24. Qf4 Qc6 25. Qxh4 f5 26. Qh3 f4 27. Qg2 f3 28. Qh3 Re2 29. Qg4 Rg6 30. Qf4 Bd6 31. Qa4 Qb6 32. d4 Rxc2 33. Ba5 Qa6 34. Qe8 Bxg3 35. Qe4+ Rcc6 36. hxg3 Rgf6 37. d5 Rcd6 38. Bb4 Qe2 39. Qxe2 fxe2 40. Bxd6 exf1=Q+ 41. Rxf1 Rxd6 42. Rd1 Kb6 43. Rd4 Kb5 44. Kg2 c6 45. dxc6 Rxc6 46. Rd2 Kb4 47. f4 Kxb3 48. Rd7 a5 49. Rb7+ Kc4 50. b3+ Kc3 51. Rb5 Ra6 52. f5 a4 53. bxa4 Rxa4 54. f6 1-0